 Dungeon Sprint DCSS version 0.31-a0-702-gf82c85558f (webtiles) character file.

Game seed: 3081261916039366940

322 sircluck the Grappler (level 6, -3/68 HPs)
             Began as a Troll Berserker on Sept 8, 2023.
             Was a High Priest of Trog.
             Slain by a manticore (12 damage)
             ... in the Dungeon (Sprint VII: "The Pits").
             The game lasted 00:01:05 (241 turns).

sircluck the Grappler (Troll Berserker)              Turns: 241, Time: 00:01:05

Health: -3/68      AC:  4    Str: 28    XL:     6   Next: 22%
Magic:  5/5        EV: 11    Int:  3    God:    Trog [*****.]
Gold:   0          SH:  0    Dex:  9    Spells: 5/5 levels left

rFire   . .          .
                       - Unarmed
rCold   . . .        (no shield)
rNeg    . . .        a - +0 animal skin
rPois   .            (helmet restricted)
rElec   .            (no cloak)
rCorr   .            (gloves unavailable)
SInv    .            (boots unavailable)
Will    .....        (no amulet)
Stlth   +            (no ring)
HPRegen 1.11/turn    (no ring)
MPRegen 0.09/turn

%: no teleportation
@: no status effects
A: large, unfitting armour, claws 3, regeneration 1, shaggy fur 1, tough skin 1
a: Renounce Religion, Berserk, Trog's Hand, Brothers in Arms


You were in the Dungeon.
You worshipped Trog.
Trog was extremely pleased with you.
You visited 1 branch

Inventory:

Armour
 a - a +0 animal skin (worn)
Scrolls
 g - a scroll of blinking
 i - 2 scrolls of vulnerability
 j - a scroll of butterflies
Potions
 b - 6 potions of curing
 c - 6 potions of heal wounds
 d - a potion of haste
 e - 4 potions of magic
 f - 3 potions of berserk rage
 h - 2 potions of invisibility


   Skills:
 + Level 6.9 Fighting
 + Level 6.8 Dodging
 + Level 8.2 Unarmed Combat


You had 5 spell levels left.
You didn't know any spells.
Your spell library was empty.

Dungeon Overview and Level Annotations

Branches:
Dungeon (1/1)

Altars:
Cheibriados
Dithmenos
Elyvilon
Fedhas
Gozag
Hepliaklqana
Makhleb
Nemelex Xobeh
Okawaru
Qazlal
Ru
Sif Muna
Trog
Wu Jian
Xom
Yredelemnul
Zin
The Shining One
Jiyva


Innate Abilities, Weirdness & Mutations

You are too large for most types of armour.
You have claws for hands.
Your natural rate of healing is unusually fast.
You are covered in fur. (AC +1)
You have tough skin. (AC +1)


Message History

You mangle the crimson imp!!
You kill the crimson imp!
Trog accepts your kill.
Your Unarmed Combat skill increases to level 8!
No target in view!
No target in view!
No target in view!
No target in view!
No target in view!
No target in view!
No target in view!
No target in view!
There is an open door here.
You open the door.
A manticore comes into view.
You mangle the manticore!!
The manticore is heavily wounded.
The manticore bites you! The manticore misses you.
The manticore closely misses you.
You scratch the manticore but do no damage.
The manticore is heavily wounded.
You scratch the manticore.
The manticore is heavily wounded.
The manticore bites you.
The manticore claws you but does no damage. x2
You claw the manticore!
The manticore is almost dead.
The manticore bites you.
The manticore claws you but does no damage.
The manticore barely misses you.
You scratch the manticore.
The manticore is almost dead.
The manticore bites you. The manticore claws you.
The manticore claws you but does no damage.
You barely miss the manticore.
The manticore is almost dead.
The manticore bites you!! The manticore claws you!
* * * LOW HITPOINT WARNING * * *
The manticore claws you!
You die...

#.#........##.......#
#'###########.......#
#...†...# #########
#...#...# #...#...#
#.##.##.#+#
#...#...#.+
#...#...#H#
#.......'@#
###########


You could see a manticore.

Vanquished Creatures
  A sky beast (D)
  2 scorpions (D)
  A crimson imp (D)
  An iron imp (D)
  An iguana (D)
  A river rat (D)
  An adder skeleton (D)
  2 ball pythons (D)
  4 quokkas (D)
  A bat (D)
  A rat (D)
16 creatures vanquished.

Notes
Turn   | Place    | Note
-------+----------+-------------------------------------------
     0 | D        | sircluck the Troll Berserker began the quest for the Orb.
     0 | D        | Reached XP level 1. HP: 22/22 MP: 0/0
    40 | D        | Found a bloodstained altar of Trog.
    40 | D        | Found a shimmering blue altar of Sif Muna.
    40 | D        | Found a viscous altar of Jiyva.
    40 | D        | Found a hazy altar of Hepliaklqana.
    40 | D        | Found an opulent altar of Gozag.
    41 | D        | Found a glowing golden altar of the Shining One.
    41 | D        | Found a glowing silver altar of Zin.
    41 | D        | Found a basalt altar of Yredelemnul.
    41 | D        | Found a shimmering altar of Xom.
    41 | D        | Found an ornate altar of the Wu Jian Council.
    41 | D        | Found a sacrificial altar of Ru.
    41 | D        | Found a stormy altar of Qazlal.
    41 | D        | Found an iron altar of Okawaru.
    41 | D        | Found a sparkling altar of Nemelex Xobeh.
    41 | D        | Found a burning altar of Makhleb.
    41 | D        | Found a blossoming altar of Fedhas.
    41 | D        | Found a white marble altar of Elyvilon.
    41 | D        | Found a shadowy altar of Dithmenos.
    41 | D        | Found a snail-covered altar of Cheibriados.
    50 | D        | Reached ** piety under Trog
    61 | D        | Reached XP level 2. HP: 31/31 MP: 1/1
    66 | D        | Reached *** piety under Trog
    75 | D        | Reached skill level 4 in Unarmed Combat
    75 | D        | Reached XP level 3. HP: 39/39 MP: 2/2
   117 | D        | Noticed a scorpion
   117 | D        | Noticed a scorpion
   134 | D        | Reached **** piety under Trog
   135 | D        | Noticed a sky beast
   142 | D        | Reached skill level 5 in Unarmed Combat
   142 | D        | Reached XP level 4. HP: 36/49 MP: 3/3
   148 | D        | Killed a sky beast
   149 | D        | Reached skill level 5 in Fighting
   149 | D        | Reached skill level 5 in Dodging
   149 | D        | Reached skill level 6 in Unarmed Combat
   149 | D        | Reached XP level 5. HP: 16/59 MP: 4/4
   198 | D        | Reached skill level 7 in Unarmed Combat
   206 | D        | Reached ***** piety under Trog
   207 | D        | Reached XP level 6. HP: 55/68 MP: 5/5
   232 | D        | Reached skill level 8 in Unarmed Combat
   235 | D        | Noticed a manticore
   241 | D        | Slain by a manticore

Illustrated notes

Levels and vault maps discovered:
D:        pitsprint [storerooms_1, entrance_room_1, metal_vault_2, armoury_2,
          mini_pit_1, grid_room_1, main_hall_1, silver_pit, the_coven_1,
          the_vestibule_1, steel_vault_2, golden_pit, hallway_of_sentries,
          crystal_vault_5, iron_vault_2, final_vault]

Skill      XL: |  1  2  3  4  5  6 |
---------------+-------------------+-----
Fighting       | 3 4 5 6 |  6.9
Dodging        | 3 4 5 6 |  6.8
Unarmed Combat | 4 5 6 7 8 |  8.2

Action                     |  1- 3 |  4- 6 || total
---------------------------+-------+-------++-------
  Melee: Unarmed           |    33 |    25 ||    58
 Armour: Animal skin       |     8 |    21 ||    29
  Dodge: Dodged            |    18 |    10 ||    28

Table legend: (Time is in decaauts)
 A = Elapsed time spent in this place.
 B = Non-inter-level travel time spent in this place.
 C = Inter-level travel time spent in this place.
 D = Time resting spent in this place.
 E = Time spent auto-exploring this place.
 F = Levels seen in this place.
 G = Mean time per level.
                   A        B        C        D        E       F      G
               +--------+--------+--------+--------+--------+-----+--------+
         Total |    235 |    235 |      0 |     39 |     57 |   1 |  235.0 |
       Dungeon |    235 |    235 |      0 |     39 |     57 |   1 |  235.0 |
               +--------+--------+--------+--------+--------+-----+--------+

Top non-repeatable levels by time:
       D: 235 daAuts
